 Dungeon Crawl Stone Soup version 0.23-a0-629-gae4348f (webtiles) character file.

441 silenth the Sneak (level 7, -12/43 HPs)
             Began as an Octopode Transmuter on Dec 27, 2018.
             Mangled by an orc warrior
             ... wielding a +0 halberd
              (22 damage)
             ... on level 6 of the Dungeon.
             The game lasted 00:10:11 (4493 turns).

silenth the Sneak (Octopode Transmuter)             Turns: 4493, Time: 00:10:11

Health: -12/43     AC:  1    Str:  9    XL:     7   Next: 2%
Magic:  0/10       EV: 13    Int: 18    God:
Gold:   336        SH:  0    Dex: 12    Spells: 1/10 levels left

rFire    . . .     SeeInvis .   q - +1 demon trident (freeze)
rCold    . . .     Gourm    .   (no shield)
rNeg     . . .     Faith    .   (helmet restricted)
rPois    .         Spirit   +   x - amulet of guardian spirit
rElec    .         Reflect  .   (no ring)
rCorr    .         Harm     .   (no ring)
MR       .....                  (no ring)
Stlth    ++++......             (no ring)
HPRegen  0.14/turn              (no ring)
MPRegen  0.12/turn              (no ring)
                                (no ring)
                                (no ring)

@: about to teleport, very slightly contaminated
A: almost no armour, stealthy swim, amphibious, 8 rings, constrict 8, camouflage
1, gelatinous body 1
a: no special abilities


You were on level 6 of the Dungeon.
You were hungry.

You visited 1 branch of the dungeon, and saw 6 of its levels.

You collected 336 gold pieces.

Inventory:

Hand Weapons
 m - a +1 dagger of speed
 q - a +1 demon trident of freezing (weapon)
Missiles
 a - 33 arrows
Magical Staves
 g - an uncursed staff of fire
Jewellery
 h - an uncursed amulet of rage
 x - an amulet of guardian spirit (around mantle)
Wands
 l - a wand of iceblast (5)
Scrolls
 b - 2 scrolls of identify
 f - 2 scrolls of teleportation
 o - a scroll of enchant armour {unknown}
 p - a scroll of enchant weapon {unknown}
 r - 5 scrolls of remove curse
 t - a scroll of vulnerability
 u - a scroll of fog {unknown}
 w - a scroll of magic mapping {unknown}
Potions
 c - 4 potions of might
 d - a potion of degeneration
 i - a potion of ambrosia
 j - a potion of haste
 k - 2 potions of magic
 s - a potion of cancellation
 v - a potion of lignification
Comestibles
 e - 14 rations


   Skills:
 - Level 1.0 Fighting
 + Level 0.7 Polearms
 - Level 2.0 Dodging
 + Level 4.4 Stealth
 - Level 4.3 Unarmed Combat
 + Level 2.2 Spellcasting
 * Level 1.2 Summonings
 - Level 4.3 Transmutations
 - Level 3.0 Poison Magic


You had one spell level left.
You knew the following spells:

 Your Spells              Type           Power        Failure   Level  Hunger
a - Beastly Appendage     Tmut           ###...       3%          1    #......
b - Spider Form           Tmut/Pois      ###.......   12%         3    ###....
c - Call Canine Familiar  Summ           #.......     32%         3    ###....
s - Sticks to Snakes      Tmut           ###.....     4%          2    ###....

Your spell library contained the following spells:

 Spells                   Type           Power        Failure   Level  Hunger
 Summon Small Mammal      Summ           #...         11%         1    #......
 Call Imp                 Summ           #.......     16%         2    ###....
 Summon Guardian Golem    Hex/Summ       #.......     38%         3    ###....
 Ice Form                 Ice/Tmut       #.......     58%         4    #####..
 Blade Hands              Tmut           ###.......   63%         5    ######.
 Summon Ice Beast         Ice/Summ       #.......     80%         4    #####..
 Summon Lightning Spire   Summ/Air       #.......     80%         4    #####..


Dungeon Overview and Level Annotations

Branches:
Dungeon (6/15)
 Temple: D:4-7

Altars:

Shops:
D:5 (


Innate Abilities, Weirdness & Mutations

You cannot wear most types of armour.
You are very stealthy in the water. (Stealth+)
You are amphibious.
You can wear up to eight rings at the same time.
You can use your tentacles to constrict eight enemies at once.
Your skin changes colour to match your surroundings (Stealth+).
Your rubbery body absorbs attacks. (AC +1, EV +1)


Message History

There is an open door here.
Okay, then.
As you read the scroll of teleportation, it crumbles to dust.
You feel strangely unstable. The orc barely misses you.
The orc wizard hits you with a +0 dagger.
The ice beast misses your hound.
The orc warrior hits you with a +0 halberd!
* * * LOW HITPOINT WARNING * * *
The sky beast misses you.
You feel better.
Your hound closely misses the ice beast.
The orc barely misses you.
The orc wizard gestures wildly while chanting.
The orc wizard seems to speed up.
The ice beast closely misses your hound.
Your hound bites the ice beast but does no damage.
The sky beast completely misses you.
The orc warrior hits you with a +0 halberd!!
Ouch! That really hurt!
You die...

#+## # ...# #. ...#
#.#### ...#
####....##o..###
........Y@oa..>#
##########.##oZ.#.#
...a....h..##l..#
######Y##..#...#
#.....#...#
#..#......#
#..#.#Z#### #r
#.<#.#..#
#...#####O##.##.#


You could see an orc warrior, an ice beast, a sky beast, an iguana, a worker
ant, an orc wizard, an orc, a centaur skeleton and a friendly hound.

Vanquished Creatures
  A sky beast (D:5)
  A hound (D:4)
  A jelly (D:5)
  A centaur skeleton (D:5)
  2 worker ants
  A hound skeleton (D:5)
  2 worker ant zombies (D:5)
  10 adders
  A shadow imp (D:5)
  An adder skeleton (D:5)
  3 worms
  3 dart slugs
  3 leopard geckos
  An orc (D:4)
  4 bats
  3 giant cockroaches
  4 goblins
  3 hobgoblins
  6 jackals
  2 kobolds (D:1)
  A quokka (D:2)
  9 frilled lizards
  A leopard gecko skeleton (D:5)
  10 rats
74 creatures vanquished.

Vanquished Creatures (collateral kills)
  An ooze (D:3)
  A hobgoblin (D:3)
2 creatures vanquished.

Grand Total: 76 creatures vanquished

Notes
Turn   | Place    | Note
-------+----------+-------------------------------------------
     0 | D:1      | silenth the Octopode Transmuter began the quest for the
                  | Orb.
     0 | D:1      | Reached XP level 1. HP: 13/13 MP: 3/3
   102 | D:1      | Reached skill level 1 in Stealth
   111 | D:1      | Reached XP level 2. HP: 18/18 MP: 5/5
   115 | D:1      | Learned a level 2 spell: Sticks to Snakes
   617 | D:2      | Reached skill level 2 in Stealth
   617 | D:2      | Reached XP level 3. HP: 20/23 MP: 4/6
   630 | D:2      | Learned a level 3 spell: Spider Form
  1033 | D:2      | Reached skill level 1 in Poison Magic
  1033 | D:2      | Reached XP level 4. HP: 19/28 MP: 7/7
  1823 | D:3      | Reached skill level 3 in Transmutations
  2024 | D:3      | Reached skill level 3 in Stealth
  2639 | D:4      | Reached XP level 5. HP: 31/33 MP: 8/8
  2886 | D:4      | Reached skill level 4 in Unarmed Combat
  2984 | D:4      | Reached skill level 2 in Poison Magic
  3103 | D:4      | Noticed a phantom
  3557 | D:5      | Entered Level 5 of the Dungeon
  3600 | D:5      | Reached XP level 6. HP: 32/38 MP: 9/9
  3620 | D:5      | Reached skill level 4 in Transmutations
  3641 | D:5      | Noticed a sky beast
  3647 | D:5      | Killed a sky beast
  3647 | D:5      | Reached skill level 4 in Stealth
  3792 | D:5      | Learned a level 3 spell: Call Canine Familiar
  3944 | D:5      | Found Qiopiol's Weapon Emporium.
  4194 | D:5      | Reached skill level 1 in Summonings
  4194 | D:5      | Reached skill level 3 in Poison Magic
  4214 | D:5      | Reached XP level 7. HP: 25/43 MP: 1/10
  4492 | D:6      | HP: 3/43 [orc warrior/+0 halberd (11)]
  4493 | D:6      | Mangled by an orc warrior

Vault maps used:
D:1:      ebering_trefoil_3fold, st_stairs_13
D:2:      nrook_campfire
D:3:      first_ration, minmay_lizard_king
D:4:      serial_glass, glass_columns_a, glass_columns_a, glass_columns_a,
          glass_columns_a, minivault_5, kennysheep_generic_room_2
D:5:      serial_shops, nicolae_shop_stone, serial_rivers,
          chequers_serial_rivers_micro_d, chequers_serial_rivers_small_a,
          chequers_serial_rivers_large_a, chequers_serial_rivers_small_b,
          chequers_serial_rivers_micro_c, chequers_serial_rivers_micro_e
D:6:      uniq_grinder

Skill      XL: |  1  2  3  4  5  6 |
---------------+-------------------+-----
Stealth        | 1 2 3 4 |  4.4
Poison Magic   | 1 2 3 |  3.0
Transmutations | 3 4 |  4.3
Unarmed Combat | 4 |  4.3
Summonings     | 1 |  1.2
Fighting       | |  1.0
Polearms       | |  0.7
Dodging        | |  2.0
Spellcasting   | |  2.2

Action                   |  1- 3 |  4- 6 |  7- 9 || total
-------------------------+-------+-------+-------++-------
Melee: Unarmed           |    73 |   100 |       ||   173
       Constrict         |    13 |    30 |       ||    43
       Tentacles         |     9 |    20 |       ||    29
       Kick              |     1 |     4 |       ||     5
       Punch             |     1 |     2 |       ||     3
       Demon trident     |       |    46 |     7 ||    53
 Cast: Beastly Appendage |     1 |     3 |       ||     4
       Sticks to Snakes  |     1 |     1 |       ||     2
       Spider Form       |       |     1 |       ||     1
       Call Canine Famil |       |       |     1 ||     1
  Use: Potion            |     2 |     1 |     1 ||     4
       Scroll            |       |    10 |     1 ||    11
 Stab: Sleeping          |     8 |     6 |       ||    14
  Eat: Chunk             |       |     7 |     1 ||     8
       Ration            |       |     1 |       ||     1
Armor: Skin              |     9 |     8 |       ||    17
Dodge: Dodged            |    44 |   101 |     7 ||   152

Table legend:
 A = Non-vault XP
 B = Vault XP
 C = Vault XP percentage of total XP
 D = Non-vault monster count
 E = Vault monster count
 F = Vault count percentage of total count
                 A         B        C        D         E       F
            +---------+---------+-------+---------+---------+-------
      Total |     608 |      23 |   3.6 |      67 |       9 |  11.8
            +---------+---------+-------+---------+---------+-------
        D:1 |      25 |       2 |   7.4 |      12 |       2 |  14.3
        D:2 |      74 |       0 |   0.0 |      19 |       0 |   0.0
        D:3 |      46 |       8 |  14.8 |      12 |       6 |  33.3
        D:4 |     116 |      13 |  10.1 |      10 |       1 |   9.1
        D:5 |     347 |       0 |   0.0 |      14 |       0 |   0.0
            +---------+---------+-------+---------+---------+-------
